 Dungeon Crawl Stone Soup version 0.20.0-15-g7f486f2 (webtiles) character file.

5811 StormFighter the Carver (level 10, -2/47 HPs)
             Began as a Vine Stalker Fighter on June 23, 2017.
             Was a Follower of Uskayaw.
             Killed from afar by an electric eel (3 damage)
             ... with a bolt of electricity
             ... on level 9 of the Dungeon.
             The game lasted 00:14:53 (5690 turns).

StormFighter the Carver (Vine Stalker Fighter)      Turns: 5690, Time: 00:14:54

Health: -2/47      AC: 14    Str: 22    XL:     10   Next: 79%
Magic:  0/14       EV:  5    Int:  8    God:    Uskayaw [*.....]
Gold:   538        SH: 10    Dex: 14    Spells: 6/9 levels left

rFire    . . .     SeeInvis .   a - +0 long sword
rCold    + . .     Gourm    .   c - +0 shield
rNeg     + . .     Faith    .   L - +0 plate armour
rPois    .         Spirit   +   (no helmet)
rElec    .         Reflect  .   (no cloak)
rCorr    .         Harm     .   e - +0 pair of gloves
MR       +....                  (no boots)
Stlth    ..........             (no amulet)
Regen    0.6/turn               q - ring of positive energy
MPRegen  0.2/turn               (no ring)

@: no status effects
A: fangs 3, cold resistance 1, frail 1, regeneration 1, magic shield, antimagic
bite, no potion heal 3, rot immunity, sturdy frame 1
a: Stomp, Renounce Religion


You were on level 9 of the Dungeon.
You worshipped Uskayaw.
Uskayaw was noncommittal.
You were not hungry.

You visited 1 branch of the dungeon, and saw 9 of its levels.
You also visited: Ossuary.

You collected 538 gold pieces.

Inventory:

Hand Weapons
 a - a +0 long sword (weapon)
Missiles
 p - 8 javelins (quivered)
 s - 2 throwing nets
Armour
 c - a +0 shield (worn)
 e - a +0 pair of gloves (worn)
 L - a +0 plate armour (worn)
Jewellery
 q - a ring of positive energy (left hand)
Wands
 b - a wand of lightning (5/15)
 h - a wand of confusion (32/48)
Scrolls
 i - 3 scrolls of noise {unknown}
 l - 3 scrolls of remove curse
 m - 2 scrolls of enchant armour {unknown}
 n - 2 scrolls of random uselessness {unknown}
 r - 6 scrolls of identify {unknown}
 w - 3 scrolls of teleportation
 x - a scroll of fear {unknown}
 y - 2 scrolls of blinking {unknown}
 A - a scroll of magic mapping {unknown}
 B - 2 scrolls of amnesia
 C - a scroll of immolation {unknown}
 E - a scroll of fog {unknown}
 F - a scroll of holy word {unknown}
 I - a scroll of acquirement {unknown}
 N - a scroll of enchant weapon {unknown}
Potions
 d - 2 potions of might
 j - 2 potions of degeneration {unknown}
 k - 3 potions of flight {unknown}
 o - 3 potions of haste {unknown}
 t - a potion of cancellation {unknown}
 u - 3 potions of berserk rage {unknown}
 v - 3 potions of ambrosia {unknown}
 z - 3 potions of agility {unknown}
 D - 2 potions of curing
 G - a potion of lignification {unknown}
 H - 2 potions of resistance {unknown}
 J - 5 potions of mutation
 K - a potion of magic {unknown}
 M - a potion of brilliance {unknown}
Comestibles
 f - 5 bread rations
 g - 10 royal jellies
 O - 7 chunks of flesh
 P - 12 fruits


   Skills:
 * Level 6.9 Fighting
 + Level 10.3 Long Blades
 * Level 6.0 Armour
 + Level 4.2 Shields
 + Level 4.6 Invocations


You had 6 spell levels left.
You knew the following spells:

 Your Spells              Type           Power        Failure   Level  Hunger
a - Regeneration          Chrm/Necr      #.........   100%        3    ####...


Dungeon Overview and Level Annotations

Branches:
Dungeon (9/15)             Temple (0/1) D:6            Lair (0/6) D:9
    Orc: D:9-12

Altars:
Cheibriados
Dithmenos
Gozag
Hepliaklqana
Kikubaaqudgha
Nemelex Xobeh
Sif Muna
Uskayaw
Vehumet
Xom
Zin

Shops:
D:8 [   D:9 (%(%

Annotations:
D:8 exclusions: 2 doors and statue


Innate Abilities, Weirdness & Mutations

You have razor-sharp teeth.
Your natural rate of healing is unusually fast.
When hurt, damage is shared between your health and your magic reserves.
Your bite disrupts and absorbs the magic of your enemies.
Potions cannot restore your health.
You are immune to rotting.
Your flesh is cold resistant. (rC+)
You are frail. (-10% HP)
Your movements are slightly less encumbered by armour. (ER -2)


Message History

You closely miss the electric eel. Your bite misses the electric eel.
The electric eel shoots out a bolt of lightning at you!
The bolt of electricity hits you!
* * * LOW HITPOINT WARNING * * *
The electric eel shoots out a bolt of lightning at you!
The bolt of electricity hits you!
* * * LOW HITPOINT WARNING * * *
Your plate armour prevents you from hitting the electric eel.
Your bite misses the electric eel. You closely miss the electric eel.
Your bite misses the electric eel.
The electric eel shoots out a bolt of lightning at you!
The bolt of electricity misses you.
You hit the electric eel.
The electric eel is moderately wounded.
The electric eel shoots out a bolt of lightning at you!
The bolt of electricity hits you!
* * * LOW HITPOINT WARNING * * *
The electric eel shoots out a bolt of lightning at you!
The bolt of electricity hits you!
You die...

#<##........ ... #≈≈#
#.##.####.## .. ≈≈≈≈#
#.##.####.# .. ≈.∩≈≈#
#.##.#.##.# . ..≈≈≈≈#
#.##.#.##.# #.####
≈≈≈≈≈≈≈## #.##.#≈≈#.# #o...
≈ ≈≈≈≈≈≈≈≈≈# #.##.≈≈≈≈<#
o.#.;≈≈
≈≈≈≈≈≈≈≈;#####.##≈≈≈≈≈≈#
o.≈....
≈≈≈≈≈≈≈;@....#.##≈≈≈≈≈≈##
≈≈##...
#≈≈≈≈≈≈.....<#.##.≈≈≈≈...
≈≈#
#≈≈≈≈≈#......#)##.#≈≈#...
≈.#
#≈≈≈≈........)[..........
≈##
#.≈≈###......#.##.#.##...
≈#
#.#####......#.##.#.#####
≈.
#........................
≈#
#######........##.#######
.##8###8#..................


You could see 2 electric eels.

Vanquished Creatures
  The ghost of miragecloak the Conjurer, a novice DrCj (D:6)
  2 dream sheep (D:8)
  A hippogriff (D:9)
  8 yaks
  The ghost of Overlord the Ruffian, an amateur DrTm (D:4)
  A soldier ant (D:9)
  Duvessa (D:5)
  An ice beast (D:6)
  An orc warrior (D:9)
  A phantom (D:7)
  3 ogres (D:8)
  2 centaurs
  6 bullfrogs
  2 big kobolds (D:8)
  4 water moccasin zombies (Ossuary)
  Dowan (D:5)
  2 scorpions
  8 killer bees
  4 wights (D:8)
  3 howler monkeys (D:9)
  6 crimson imps
  4 electric eels (D:9)
  A centaur zombie (D:5)
  5 hounds
  2 orc priests
  2 jellies
  5 orc wizards
  7 worker ants
  2 big kobold zombies (Ossuary)
  2 mummies (Ossuary)
  A worker ant zombie (D:7)
  10 adders
  An ooze (D:1)
  4 adder zombies
  An adder skeleton (D:5)
  4 worms
  5 dart slugs
  2 leopard geckos
  24 orcs
  12 bats
  3 giant cockroaches (D:1)
  3 gnoll zombies (Ossuary)
  A hobgoblin (D:3)
  5 jackals
  6 kobolds
  4 quokkas
  6 frilled lizards
  10 goblins
  3 hobgoblin zombies (Ossuary)
  7 kobold zombies (Ossuary)
  5 orc zombies (Ossuary)
  7 rats
213 creatures vanquished.

Vanquished Creatures (others)
  2 orcs (D:9)
2 creatures vanquished.

Grand Total: 215 creatures vanquished

Notes
Turn   | Place    | Note
-------+----------+-------------------------------------------
     0 | D:1      | StormFighter the Vine Stalker Fighter began the quest for the Orb.
     0 | D:1      | Reached XP level 1. HP: 11/11 MP: 2/2
     2 | D:1      | Noticed a human
     6 | D:1      | Noticed a gargoyle
     8 | D:1      | Noticed a minotaur skeleton
    14 | D:1      | Noticed an elf
    16 | D:1      | Noticed a formicid
    18 | D:1      | Noticed an octopode
    20 | D:1      | Noticed a merfolk zombie
    46 | D:1      | Reached skill level 2 in Long Blades
    48 | D:1      | Reached XP level 2. HP: 16/16 MP: 3/3
   120 | D:1      | Reached skill level 3 in Long Blades
   143 | D:1      | Reached XP level 3. HP: 19/19 MP: 4/4
   625 | D:2      | Found a hide-covered altar of Uskayaw.
   679 | D:2      | Gained mutation: Your natural rate of healing is unusually fast. [Vine Stalker growth]
   679 | D:2      | Reached XP level 4. HP: 18/23 MP: 5/5
   770 | D:2      | Found a deep blue altar of Sif Muna.
   870 | D:2      | Reached skill level 4 in Long Blades
  1104 | D:3      | Found a hazy altar of Hepliaklqana.
  1208 | D:3      | Reached XP level 5. HP: 22/27 MP: 4/6
  1427 | D:3      | Found a glowing silver altar of Zin.
  1504 | D:2      | Became a worshipper of Uskayaw the Reveler
  1664 | D:3      | Reached * piety under Uskayaw
  1697 | D:3      | Reached skill level 5 in Long Blades
  1697 | D:3      | Reached ** piety under Uskayaw
  1711 | D:4      | Reached *** piety under Uskayaw
  1757 | D:4      | Reached XP level 6. HP: 25/32 MP: 7/7
  1787 | D:4      | Noticed Overlord's ghost (amateur DrTm)
  1818 | D:4      | Reached **** piety under Uskayaw
  1821 | D:4      | Killed Overlord's ghost
  1821 | D:4      | Reached skill level 6 in Long Blades
  2013 | D:4      | Reached XP level 7. HP: 35/35 MP: 8/8
  2032 | D:4      | Found a shimmering altar of Xom.
  2116 | D:4      | Found a shadowy altar of Dithmenos.
  2189 | D:5      | Entered Level 5 of the Dungeon
  2235 | D:5      | Reached skill level 7 in Long Blades
  2244 | D:5      | Reached ***** piety under Uskayaw
  2377 | D:5      | Found a snail-covered altar of Cheibriados.
  2431 | D:5      | Noticed Duvessa
  2431 | D:5      | Noticed Dowan
  2459 | D:5      | Killed Duvessa
  2460 | D:5      | Killed Dowan
  2460 | D:5      | Reached skill level 8 in Long Blades
  2637 | D:6      | Gained mutation: You have razor-sharp teeth. [Vine Stalker growth]
  2637 | D:6      | Reached XP level 8. HP: 39/39 MP: 9/9
  2713 | D:6      | Found an ancient bone altar of Kikubaaqudgha.
  2719 | D:6      | Noticed miragecloak's ghost (novice DrCj)
  2743 | D:6      | Killed miragecloak's ghost
  2743 | D:6      | Reached skill level 9 in Long Blades
  2835 | D:6      | Found a staircase to the Ecumenical Temple.
  3011 | D:6      | Reached skill level 1 in Invocations
  3174 | D:7      | Found a sparkling altar of Nemelex Xobeh.
  3185 | D:7      | Reached XP level 9. HP: 43/44 MP: 11/11
  3466 | D:7      | Learned a level 3 spell: Regeneration
  3553 | D:7      | Found an opulent altar of Gozag.
  3743 | D:8      | Found a sand-covered staircase.
  3754 | Ossuary  | Entered an ossuary
  3965 | D:8      | Found a hide-covered altar of Uskayaw.
  4111 | D:8      | Found a snail-covered altar of Cheibriados.
  4353 | D:8      | Found Tyilacrest's Antique Armour Shoppe.
  4377 | D:8      | Reached skill level 5 in Fighting
  4380 | D:8      | Reached XP level 10. HP: 24/51 MP: 11/13
  4382 | D:8      | Reached skill level 10 in Long Blades
  4574 | D:8      | Reached skill level 5 in Armour
  4652 | D:8      | Found a radiant altar of Vehumet.
  5003 | D:9      | Found Idiruwet's Food Shop.
  5108 | D:9      | Gained mutation: You are frail. (-10% HP) [potion of mutation]
  5108 | D:9      | Gained mutation: Your flesh is cold resistant. (rC+) [potion of mutation]
  5108 | D:9      | Gained mutation: Your movements are slightly less encumbered by armour. (ER -2) [potion of mutation]
  5371 | D:9      | Found a staircase to the Lair.
  5479 | D:9      | Found Bizeoc's Antique Weapon Shoppe.
  5542 | D:9      | Found Basmiuh's Food Shop.
  5683 | D:9      | Found Zaac's Weapon Shop.
  5690 | D:9      | HP: 1/47 [electric eel/bolt of electricity (6)]
  5690 | D:9      | Killed from afar by an electric eel

Skill      XL: |  1  2  3  4  5  6  7  8  9 10 |
---------------+-------------------------------+-----
Long Blades    | 2 3 4 5 6 8 9 10 | 10.3
Fighting       | 3 5 6 |  6.9
Invocations    | 1 3 4 |  4.6
Shields        | 3 4 |  4.2
Armour         | 3 4 6 |  6.0

Action                   |  1- 3 |  4- 6 |  7- 9 | 10-12 || total
-------------------------+-------+-------+-------+-------++-------
Melee: Long sword        |    74 |   164 |   332 |   110 ||   680
       Bite              |    22 |    64 |   128 |    70 ||   284
       Great sword       |       |       |    14 |    79 ||    93
Evoke: Wand              |       |       |     1 |       ||     1
  Use: Scroll            |       |       |       |     3 ||     3
       Potion            |       |       |       |     2 ||     2
 Stab: Paralysed         |       |     2 |    15 |     7 ||    24
  Eat: Chunk             |       |     4 |     5 |     5 ||    14
       Fruit             |       |       |     3 |       ||     3
Armor: Scale mail        |    37 |    67 |    49 |       ||   153
       Chain mail        |       |       |    27 |       ||    27
       Plate armour      |       |       |    67 |   107 ||   174
Dodge: Dodged            |    33 |    46 |    73 |    59 ||   211
Block: Shield            |    39 |    60 |   136 |    40 ||   275
       Rpst.: Long sword |    11 |    15 |    19 |     2 ||    47
       Great sword       |       |       |     2 |    13 ||    15
